[Event "Titled Tuesday Blitz March 28 Early 2023"]
[White "Chigaev, Maksim"]
[Black "Kramnik, Vladimir"]
[WhiteFideId "4108116"]
[BlackFideId "4101588"]
[WhiteElo "2547"]
[BlackElo "2712"]
[Result "1/2-1/2"]
[Round "07"]
[TimeControl "180+2"]
[Date "2023.03.28"]
[WhiteClock "0:00:05"]
[BlackClock "0:00:04"]

1. Nf3 Nf6 2. c4 c5 3. Nc3 e6 4. g3 b6 5. Bg2 Bb7 6. O-O Be7 7. d4 cxd4 8. Qxd4 d6 9. Rd1 O-O 10. Bg5 Nbd7 11. Nb5 d5 12. cxd5 Bxd5 13. Nc3 Bc6 14. Rac1 Rc8 15. Ne5 Nxe5 16. Qxe5 Qe8 17. Bxc6 Rxc6 18. Bf4 Rc5 19. Qd4 Qa8 20. Bd6 Bxd6 21. Qxd6 h5 22. f3 Rfc8 23. Kf2 Qb7 24. Qd4 Qc6 25. a3 Rc4 26. Qd6 Qb7 27. Qd2 b5 28. Na2 Nd5 29. Rxc4 bxc4 30. Nc3 Qb6+ 31. Qd4 Qxb2 32. Nxd5 Qxd4+ 33. Rxd4 exd5 34. Rxd5 c3 35. Rd1 c2 36. Rc1 Rc3 37. Ke1 g5 38. Kd2 Rxa3 39. Rxc2 Kg7 40. Rc5 Kg6 41. Rc6+ f6 42. Ke1 Ra2 43. Kf2 a5 44. Ra6 Kf5 45. h4 gxh4 46. gxh4 Ke5 47. Rb6 Kf5 48. Rb5+ Kg6 49. Rc5 a4 50. Ra5 a3 51. Ke3 Ra1 52. Kf4 a2 53. e4 Kg7 54. Kf5 Rf1 55. Ra7+ Kh6 56. Rxa2 Rxf3+ 57. Ke6 Rf4 58. Re2 Kg6 59. Rg2+ Kh6 60. Re2 Kg7 61. Rg2+ Rg4 62. Re2 Rxh4 63. Kf5 Rg4 64. e5 Rg5+ 65. Kf4 Rg4+ 66. Kf5 fxe5 67. Rxe5 Rg1 68. Kf4 Kg6 69. Re6+ Kg7 70. Re5 Kh6 71. Re6+ Kh7 72. Re5 Rh1 73. Kg3 Kg6 74. Kg2 Kf6 75. Ra5 Rb1 76. Rxh5 Rb2+ 77. Kg3 Rb3+ 78. Kg2 Rb2+ 79. Kg3 Rb3+ 80. Kg2 Rb2+ 1/2-1/2


[Site "https://www.chess.com"]

[Event "Titled Tuesday Blitz March 28 Early 2023"]
[White "Sjugirov, Sanan"]
[Black "Preotu, Razvan"]
[WhiteFideId "4189302"]
[BlackFideId "2613280"]
[WhiteElo "2569"]
[BlackElo "2407"]
[Result "0-1"]
[Round "07"]
[TimeControl "180+2"]
[Date "2023.03.28"]
[WhiteClock "0:00:09"]
[BlackClock "0:00:09"]

1. d4 Nf6 2. Nf3 g6 3. c4 Bg7 4. g3 c6 5. Bg2 d5 6. Qb3 O-O 7. Nc3 a5 8. cxd5 Nxd5 9. O-O Nxc3 10. Qxc3 Qb6 11. Bg5 Re8 12. Rfd1 Na6 13. Ne5 Be6 14. Be3 Qb4 15. Qc2 a4 16. h4 Red8 17. h5 Qb5 18. Bf4 Nb4 19. Qd2 c5 20. e3 g5 21. Bxg5 Bxe5 22. Bxe7 Bg7 23. Bxc5 Qxc5 24. dxc5 Rxd2 25. Rxd2 a3 26. bxa3 Bxa1 27. axb4 Bc3 28. Rd3 Bxb4 29. Bxb7 Rxa2 30. c6 Kg7 31. Rd4 Ba5 32. g4 h6 33. Re4 Rc2 34. Ra4 Bc7 35. Kg2 Bd5+ 36. Kh3 Rxf2 37. g5 Bf3 38. gxh6+ Kxh6 0-1


[Site "https://www.chess.com"]

[Event "Titled Tuesday Blitz March 28 Early 2023"]
[White "Aradhya, Garg"]
[Black "Dominguez Perez, Leinier"]
[WhiteFideId "25006746"]
[BlackFideId "3503240"]
[WhiteElo "2263"]
[BlackElo "2647"]
[Result "1/2-1/2"]
[Round "07"]
[TimeControl "180+2"]
[Date "2023.03.28"]
[WhiteClock "0:00:42"]
[BlackClock "0:00:15"]

1. d4 d5 2. c4 dxc4 3. e4 e5 4. Nf3 Nf6 5. Bxc4 Nxe4 6. O-O Nd6 7. Bb3 e4 8. Ng5 Be7 9. Qh5 g6 10. Qh6 Bf8 11. Qh4 h6 12. Qg3 Bg7 13. Nxf7 Nxf7 14. Qxg6 Qf6 15. Qxe4+ Qe7 16. Re1 Nc6 17. Nc3 Qxe4 18. Rxe4+ Kf8 19. Rf4 Nd8 20. Nb5 h5 21. Nxc7 Rb8 22. Rf3 Bg4 23. Rd3 Rc8 24. Bf4 Bh6 25. Nd5 Bxf4 26. Nxf4 Rh6 27. Re1 Rf6 28. Nd5 Rd6 29. Ne3 Bd7 30. Nc4 Rf6 31. Ne5 Bf5 32. Rf3 Kg7 33. Rg3+ Kf8 34. Rf3 Kg7 35. Rg3+ Kf8 36. Rf3 1/2-1/2


[Site "https://www.chess.com"]

[Event "Titled Tuesday Blitz March 28 Early 2023"]
[White "Mahdavi, Reza"]
[Black "Fedoseev, Vladimir"]
[WhiteFideId "12595926"]
[BlackFideId "24130737"]
[WhiteElo "2208"]
[BlackElo "2752"]
[Result "0-1"]
[Round "07"]
[TimeControl "180+2"]
[Date "2023.03.28"]
[WhiteClock "0:00:27"]
[BlackClock "0:00:47"]

1. Nf3 d5 2. g3 Nc6 3. d4 Bg4 4. Bg2 Qd7 5. O-O h5 6. c4 e6 7. Ne5 Nxe5 8. dxe5 c6 9. h3 Bf5 10. e4 Bxe4 11. Bxe4 dxe4 12. Qxd7+ Kxd7 13. Rd1+ Ke8 14. Nc3 f5 15. exf6 Nxf6 16. Bg5 Bb4 17. Bxf6 gxf6 18. Nxe4 Ke7 19. a3 Ba5 20. Nc5 Bb6 21. Nxb7 Rab8 22. Nd6 Rhd8 23. Ne4 Bd4 24. Rab1 f5 25. Ng5 Rb3 26. Kg2 c5 27. Re1 e5 28. Re2 Rdb8 29. f4 Kf6 30. Rf1 e4 31. g4 Rxb2 32. Re1 Bc3 0-1


[Site "https://www.chess.com"]

[Event "Titled Tuesday Blitz March 28 Early 2023"]
[White "Lazavik, Denis"]
[Black "Rustemov, Alexander"]
[WhiteFideId "13515110"]
[BlackFideId "4119002"]
[WhiteElo "2560"]
[BlackElo "2870"]
[Result "1-0"]
[Round "07"]
[TimeControl "180+2"]
[Date "2023.03.28"]
[WhiteClock "0:00:16"]
[BlackClock "0:00:01"]

1. d4 Nf6 2. c4 e6 3. Nf3 d5 4. Nc3 Be7 5. Bf4 O-O 6. e3 Nbd7 7. c5 c6 8. Bd3 b6 9. b4 a5 10. a3 Bb7 11. O-O Qc8 12. h3 Ba6 13. Re1 Bxd3 14. Qxd3 axb4 15. axb4 Qb7 16. Qc2 bxc5 17. bxc5 Rxa1 18. Rxa1 Ra8 19. Rb1 Qa6 20. Ne1 Qc4 21. Nd1 Qa6 22. Nd3 h6 23. Nc3 Qc4 24. Rb4 Qa6 25. Ra4 Qb7 26. Rxa8+ Qxa8 27. Qa4 Qb7 28. Nb4 Bxc5 29. dxc5 Nxc5 30. Qa3 Nfd7 31. Bd6 e5 32. Bxc5 Nxc5 33. Nbxd5 Nd3 34. Ne7+ Kh7 35. Nf5 c5 36. Qa1 Qb3 37. Ne4 Qc2 38. Qa7 Nxf2 39. Qxf7 Nxh3+ 40. gxh3 Qb1+ 41. Kh2 Qc2+ 42. Kg3 Qxe4 43. Qxg7# 1-0


[Site "https://www.chess.com"]

[Event "Titled Tuesday Blitz March 28 Early 2023"]
[White "Ivic, Velimir"]
[Black "Duda, Jan-Krzysztof"]
[WhiteFideId "950122"]
[BlackFideId "1170546"]
[WhiteElo "2563"]
[BlackElo "2790"]
[Result "1-0"]
[Round "07"]
[TimeControl "180+2"]
[Date "2023.03.28"]
[WhiteClock "0:00:05"]
[BlackClock "0:00:05"]

1. e4 c5 2. Nf3 d6 3. d4 cxd4 4. Nxd4 Nf6 5. Nc3 a6 6. Be3 e5 7. Nb3 Be6 8. f3 h5 9. Nd5 Bxd5 10. exd5 Nbd7 11. Qd2 g6 12. O-O-O Nb6 13. Qa5 Bh6 14. Bxh6 Rxh6 15. Qd2 Rh8 16. f4 Kf8 17. fxe5 dxe5 18. d6 Nbd7 19. Be2 Kg7 20. Rhf1 Qb6 21. h3 h4 22. Bg4 Nxg4 23. hxg4 f6 24. Qd5 Qb5 25. Qe4 Rac8 26. Kb1 Rc4 27. Qe2 Qa4 28. g5 f5 29. Qd3 Qb5 30. a3 Rh5 31. Nd2 Rg4 32. c4 Qc6 33. Qc3 Rxg2 34. Rfe1 Rg3 35. Qb4 h3 36. Nb3 h2 37. Na5 Qf3 38. Qxb7 Qxb7 39. Nxb7 Rgxg5 40. c5 Nb8 41. d7 Nc6 42. d8=Q Nxd8 43. Nxd8 Rg2 44. c6 Rh4 45. c7 Rc4 46. Rc1 Rxc1+ 47. Rxc1 Rg1 48. c8=Q h1=Q 49. Ne6+ Kf6 50. Rxg1 Qxg1+ 51. Ka2 Qd1 52. Nc7 e4 53. Qg8 Kg5 54. Qf7 e3 55. Ne6+ Kh4 56. Qxg6 Qd5+ 57. Ka1 e2 58. Qg5+ Kh3 59. Nf4+ Kh2 60. Qh4+ Kg1 61. Nxd5 1-0


[Site "https://www.chess.com"]

[Event "Titled Tuesday Blitz March 28 Early 2023"]
[White "Bluebaum, Matthias"]
[Black "demon64fields"]
[WhiteFideId "24651516"]
[WhiteElo "2638"]
[BlackElo "2861"]
[Result "1/2-1/2"]
[Round "07"]
[TimeControl "180+2"]
[Date "2023.03.28"]
[WhiteClock "0:00:06"]
[BlackClock "0:00:21"]

1. d4 g6 2. c4 Bg7 3. e4 Nc6 4. Nf3 e5 5. Bg5 f6 6. Be3 d6 7. Nc3 Nh6 8. dxe5 fxe5 9. h3 O-O 10. c5 Be6 11. Ng5 Qe7 12. Nd5 Bxd5 13. Qxd5+ Nf7 14. Bc4 Nd8 15. cxd6 cxd6 16. O-O Kh8 17. Nxf7+ Nxf7 18. Rac1 Bh6 19. Bxh6 Nxh6 20. Qe6 Rfe8 21. Qxe7 Rxe7 22. Rfd1 Rd8 23. Rc3 Rc7 24. Rdd3 Rdc8 25. Be6 Rxc3 26. bxc3 Rc6 27. Rf3 Kg7 28. g4 Rc7 29. g5 Nf7 30. h4 Nd8 31. Bd5 Nc6 32. Rf6 Rd7 33. Kg2 a6 34. Kg3 Na7 35. a4 Nc8 36. Be6 Rc7 37. Bxc8 Rxc8 38. Rxd6 Rxc3+ 39. f3 Ra3 40. Rd7+ Kg8 41. Rxb7 Rxa4 42. Ra7 Ra5 43. Re7 Kh8 44. Kg4 Rb5 45. h5 gxh5+ 46. Kxh5 a5 47. Ra7 Kg8 48. Kg4 Kh8 49. Kf5 Rb3 50. Ra8+ Kg7 51. Ra7+ Kg8 52. Kxe5 Rxf3 53. Ke6 a4 54. Rxa4 Kg7 55. e5 Kg6 56. Rg4 Ra3 57. Rg1 Ra6+ 58. Kd7 Kf5 59. e6 Ra7+ 60. Kd6 Ra6+ 61. Kd7 Ra7+ 62. Kd6 Ra6+ 63. Kd7 1/2-1/2


[Site "https://www.chess.com"]

[Event "Titled Tuesday Blitz March 28 Early 2023"]
[White "Sadhwani, Raunak"]
[Black "Pichot, Alan"]
[WhiteFideId "35093487"]
[BlackFideId "110973"]
[WhiteElo "2631"]
[BlackElo "2573"]
[Result "1-0"]
[Round "07"]
[TimeControl "180+2"]
[Date "2023.03.28"]
[WhiteClock "0:00:08"]
[BlackClock "0:00:05"]

1. d4 Nf6 2. Nc3 d5 3. Bf4 c5 4. e3 cxd4 5. exd4 a6 6. Nf3 Nc6 7. Ne5 Bd7 8. g4 Qb6 9. Nxd7 Nxd7 10. Nxd5 Qa5+ 11. Nc3 e5 12. dxe5 Ndxe5 13. Bg2 Bb4 14. Bxc6+ bxc6 15. Bxe5 Qxe5+ 16. Qe2 Bd6 17. O-O-O O-O 18. Qxe5 Bxe5 19. Ne2 f5 20. g5 Rae8 21. h4 Bxb2+ 22. Kxb2 Rxe2 23. Rd6 Rxf2 24. Rxc6 f4 25. Rc7 f3 26. Rd1 Rh2 27. Rdd7 Rxh4 28. Rxg7+ Kh8 29. Rgf7 Rxf7 30. Rxf7 Rh3 31. c4 Kg8 32. Rf4 Kg7 33. c5 Rh5 34. Rxf3 Rxg5 35. Rc3 Kf7 36. c6 Rg8 37. Kb3 Ke6 38. Kb4 Kd6 39. c7 Rc8 40. Rh3 Rxc7 41. Rh6+ Kd5 42. Rxa6 Rb7+ 43. Kc3 Rc7+ 44. Kd3 Rg7 45. Rh6 Rg3+ 46. Kc2 Rg2+ 47. Kb3 Rg3+ 48. Kb4 Rg7 49. a4 Rb7+ 50. Ka5 Kc5 51. Ka6 Rg7 52. a5 Rf7 53. Rh5+ Kc6 54. Rh6+ Kc5 55. Rb6 Rg7 56. Rb7 Rg6+ 57. Ka7 h5 58. Rh7 Kb5 59. Rxh5+ Kc6 60. Rh7 Kb5 61. Rh5+ Kc6 62. Rf5 Rg7+ 63. Ka6 Kc7 64. Rb5 Rg6+ 65. Ka7 Rg8 66. Rc5+ Kd7 67. a6 Rg1 68. Ka8 Rb1 69. a7 Kd6 70. Rc8 Kd7 71. Rb8 Ra1 72. Kb7 Rb1+ 73. Ka6 Ra1+ 74. Kb6 Rb1+ 75. Kc5 Rc1+ 76. Kd4 1-0


[Site "https://www.chess.com"]

[Event "Titled Tuesday Blitz March 28 Early 2023"]
[White "Gabrielian, Artur"]
[Black "Martinez Alcantara, Jose Eduardo"]
[WhiteFideId "4131002"]
[BlackFideId "3805662"]
[WhiteElo "2432"]
[BlackElo "2712"]
[Result "1/2-1/2"]
[Round "07"]
[TimeControl "180+2"]
[Date "2023.03.28"]
[WhiteClock "0:00:10"]
[BlackClock "0:00:07"]

1. e4 c5 2. Nf3 d6 3. d4 cxd4 4. Nxd4 Nf6 5. Nc3 a6 6. Bc4 e6 7. Be3 Be7 8. Bb3 Nc6 9. Qe2 Na5 10. g4 Nxb3 11. axb3 Nd7 12. g5 Qc7 13. h4 Nc5 14. b4 Nd7 15. h5 O-O 16. g6 Ne5 17. gxh7+ Kh8 18. Rg1 Bd7 19. f4 Nc4 20. O-O-O Rac8 21. Rd3 Bf6 22. h6 g6 23. f5 Ne5 24. Rdd1 Kxh7 25. fxg6+ fxg6 26. Bg5 Bh8 27. Rdf1 Qc4 28. Rxf8 Rxf8 29. Qxc4 Nxc4 30. Rd1 Be5 31. b3 Nb6 32. Rd3 Rf1+ 33. Kb2 Bf6 34. Bxf6 Rxf6 35. e5 dxe5 36. Nf3 Bc6 37. Nxe5 Rf5 38. Nxc6 bxc6 39. Rd6 Nd5 40. Rxc6 Nxb4 41. Rxe6 Rf2 42. Ne4 Rxc2+ 43. Ka3 Nd3 44. Rxa6 Rc1 45. Ka4 Kxh6 46. Kb5 Rb1 47. Kc4 Ne5+ 48. Kc3 Rc1+ 49. Kd2 Rb1 50. Kc2 Re1 51. Nc5 Re2+ 52. Kc3 Re1 53. b4 Rb1 54. Rb6 Kh5 55. Kd4 Nf3+ 56. Ke4 Nd2+ 57. Kd3 Nf3 58. Ke4 Ng5+ 59. Kd5 Nh3 60. b5 g5 61. Rb8 g4 62. b6 g3 63. Rh8+ Kg4 64. Rg8+ Kf3 65. b7 Nf4+ 66. Kc6 g2 67. Nd7 Rc1+ 68. Kd6 Rd1+ 69. Kc6 Rc1+ 70. Kd6 Rb1 71. b8=Q Rxb8 72. Nxb8 Ne2 73. Rxg2 Kxg2 1/2-1/2


[Site "https://www.chess.com"]

[Event "Titled Tuesday Blitz March 28 Early 2023"]
[White "Kezin, Roman"]
[Black "Demchenko, Anton"]
[WhiteFideId "24124621"]
[BlackFideId "4160258"]
[WhiteElo "2497"]
[BlackElo "2545"]
[Result "0-1"]
[Round "07"]
[TimeControl "180+2"]
[Date "2023.03.28"]
[WhiteClock "0:00:01"]
[BlackClock "0:00:25"]

1. b3 g6 2. Bb2 Nf6 3. g3 Bg7 4. Bg2 d6 5. c4 O-O 6. e3 e5 7. Ne2 Re8 8. O-O c6 9. d4 e4 10. d5 c5 11. Nd2 Bf5 12. Nc3 Nbd7 13. Qc2 h5 14. h3 Qe7 15. Nb5 Nf8 16. Bxf6 Bxf6 17. Nc3 Nh7 18. Rab1 Ng5 19. h4 Nf3+ 20. Bxf3 exf3 21. e4 Bh3 22. Rfe1 Bxh4 23. e5 Bf5 24. Nce4 Qxe5 25. Qd1 Be7 0-1


[Site "https://www.chess.com"]

[Event "Titled Tuesday Blitz March 28 Early 2023"]
[White "Alekseenko, Kirill"]
[Black "Ozen, Bahadir"]
[WhiteFideId "4135539"]
[BlackFideId "6337058"]
[WhiteElo "2683"]
[BlackElo "2503"]
[Result "1-0"]
[Round "07"]
[TimeControl "180+2"]
[Date "2023.03.28"]
[WhiteClock "0:01:22"]
[BlackClock "0:01:23"]

1. d4 d5 2. Nc3 Nf6 3. Bf4 e6 4. Nb5 Bb4+ 5. c3 Ba5 6. e3 a6 7. Na3 Nbd7 8. Nf3 O-O 9. Bd3 c5 10. O-O Bc7 11. Nc2 b6 12. Ne5 Bb7 13. Qf3 c4 14. Bxc4 Nxe5 15. Bxe5 Bxe5 16. dxe5 Nd7 17. Bd3 Qg5 18. Qh3 h6 19. f4 Qe7 20. Nd4 Nc5 21. Bc2 Ne4 22. Rad1 Rac8 23. Qg4 f5 24. exf6 Rxf6 25. Nf3 Rcf8 26. Bxe4 dxe4 27. Ne5 Rd8 28. Rxd8+ Qxd8 29. Rd1 1-0


[Site "https://www.chess.com"]

[Event "Titled Tuesday Blitz March 28 Early 2023"]
[White "Flores, Diego"]
[Black "Kamsky, Gata"]
[WhiteFideId "108049"]
[BlackFideId "2000024"]
[WhiteElo "2606"]
[BlackElo "2666"]
[Result "0-1"]
[Round "07"]
[TimeControl "180+2"]
[Date "2023.03.28"]
[WhiteClock "0:00:10"]
[BlackClock "0:01:19"]

1. c4 g6 2. Nc3 Bg7 3. g3 Nf6 4. Bg2 O-O 5. e4 c5 6. Nge2 Nc6 7. d3 d6 8. O-O Rb8 9. h3 Ne8 10. Be3 Nd4 11. Rb1 Nxe2+ 12. Qxe2 Nc7 13. Qd2 Ne6 14. b4 b6 15. Ne2 Bb7 16. Bh6 Bxh6 17. Qxh6 cxb4 18. Rxb4 Nc5 19. Qe3 e5 20. f4 f6 21. h4 Qc7 22. f5 Nxd3 23. Rb5 Nc5 24. fxg6 hxg6 25. h5 gxh5 26. g4 h4 27. g5 Qg7 28. gxf6 Rxf6 29. Rbb1 Bxe4 0-1


[Site "https://www.chess.com"]

[Event "Titled Tuesday Blitz March 28 Early 2023"]
[White "Iniyan, P"]
[Black "Bacrot, Etienne"]
[WhiteFideId "25002767"]
[BlackFideId "605506"]
[WhiteElo "2449"]
[BlackElo "2663"]
[Result "1-0"]
[Round "07"]
[TimeControl "180+2"]
[Date "2023.03.28"]
[WhiteClock "0:00:16"]
[BlackClock "0:00:10"]

1. d4 Nf6 2. c4 e6 3. Nc3 Bb4 4. a3 Bxc3+ 5. bxc3 d6 6. e3 O-O 7. Bd3 e5 8. Ne2 Nc6 9. O-O Qe7 10. f4 exf4 11. Nxf4 Bg4 12. Qe1 Rae8 13. Qg3 Bh5 14. Nxh5 Nxh5 15. Qh3 g6 16. e4 Qe6 17. g4 Na5 18. Bh6 Ng7 19. Rf2 f6 20. Raf1 Rf7 21. Qh4 Ref8 22. Be3 b6 23. d5 Qe7 24. Bd4 Ne8 25. Qh6 Nb3 26. h4 Qd7 27. Rf4 Rg7 28. Kh2 Qe7 29. g5 Nxd4 30. cxd4 Rgf7 31. gxf6 Rxf6 32. e5 dxe5 33. Rxf6 Rxf6 34. Re1 Rf4 35. Qxf4 1-0


[Site "https://www.chess.com"]

[Event "Titled Tuesday Blitz March 28 Early 2023"]
[White "Sasikiran, Krishnan"]
[Black "Araujo Sanchez, Josue"]
[WhiteFideId "5004985"]
[BlackFideId "6416896"]
[WhiteElo "2567"]
[BlackElo "2416"]
[Result "1-0"]
[Round "07"]
[TimeControl "180+2"]
[Date "2023.03.28"]
[WhiteClock "0:01:50"]
[BlackClock "0:00:22"]

1. e4 c5 2. Nf3 d6 3. d4 cxd4 4. Nxd4 Nf6 5. Nc3 g6 6. Bc4 Bg7 7. Nf3 O-O 8. h3 Nc6 9. O-O b6 10. Qe2 Bb7 11. Rd1 Nd7 12. Bg5 h6 13. Bh4 Rc8 14. Bb3 g5 15. Bg3 Nc5 16. Rab1 Nxb3 17. cxb3 Qe8 18. Rbc1 f5 19. exf5 Rxf5 20. Nd5 e5 21. Qe4 Rf7 22. h4 Ne7 23. Nf6+ Bxf6 24. Qxb7 Rxc1 25. Rxc1 Nf5 26. Qd5 g4 27. Nd2 Kg7 28. Ne4 Qd7 29. Rd1 Be7 30. Bxe5+ Kh7 31. Qxf7+ 1-0


[Site "https://www.chess.com"]

[Event "Titled Tuesday Blitz March 28 Early 2023"]
[White "Danielyan, Vahe"]
[Black "Ibarra Jerez, Jose Carlos"]
[WhiteFideId "13304828"]
[BlackFideId "2226332"]
[WhiteElo "2423"]
[BlackElo "2638"]
[Result "0-1"]
[Round "07"]
[TimeControl "180+2"]
[Date "2023.03.28"]
[WhiteClock "0:00:02"]
[BlackClock "0:00:07"]

1. e4 c5 2. Nc3 a6 3. g3 b5 4. Bg2 Bb7 5. Nge2 e6 6. d4 cxd4 7. Nxd4 Ne7 8. O-O Nec6 9. Nb3 d6 10. Re1 Be7 11. Bf4 Ne5 12. Nc5 Bc6 13. Nd3 Nbd7 14. a4 bxa4 15. Nxa4 O-O 16. Nc3 Qc7 17. Nxe5 Nxe5 18. Bf1 a5 19. Be3 Qb7 20. b3 Rfc8 21. Bd4 Bf6 22. Bg2 Qb4 23. Kh1 Ng4 24. Qxg4 Bxd4 25. Na2 Qc5 26. c3 Bxf2 27. Rf1 Bb5 28. c4 Be8 29. Rad1 Bd4 30. Nc1 Rab8 31. Nd3 Qa7 32. Nf4 Be5 33. Bh3 Qe7 34. Rd3 g6 35. Rdf3 Rc7 36. Nh5 f5 37. exf5 exf5 38. Rxf5 Bd7 39. Bg2 Bxf5 40. Rxf5 Kh8 41. Rg5 gxh5 42. Qxh5 Bf6 43. Rf5 Rf8 44. Bd5 Bg7 45. Rg5 Qe1+ 0-1


[Site "https://www.chess.com"]

[Event "Titled Tuesday Blitz March 28 Early 2023"]
[White "Dixit, Nikhil"]
[Black "Ozen, Deniz"]
[WhiteFideId "5059534"]
[BlackFideId "6349196"]
[WhiteElo "2207"]
[BlackElo "2303"]
[Result "1/2-1/2"]
[Round "07"]
[TimeControl "180+2"]
[Date "2023.03.28"]
[WhiteClock "0:01:06"]
[BlackClock "0:00:39"]

1. e4 e5 2. Nf3 Nf6 3. Nc3 Nc6 4. d4 Bb4 5. Nxe5 Nxe4 6. Qg4 Nxc3 7. Qxg7 Rf8 8. a3 Ba5 9. Nxc6 dxc6 10. Qe5+ Qe7 11. Qxe7+ Kxe7 12. Bd2 Bf5 13. bxc3 Bxc2 14. c4 Bxd2+ 15. Kxd2 Bg6 16. h4 h5 17. Re1+ Kf6 18. Rh3 Rad8 19. Kc3 Rd7 20. Rf3+ Kg7 21. Rf4 Rfd8 22. Re5 f6 23. Re3 Rf8 24. Rg3 Kh6 25. Rgf3 Kg7 26. Rg3 Kh6 27. Rgf3 Rdf7 28. c5 Kg7 29. Rg3 Kh6 30. Rgf3 f5 31. Re3 Kg7 32. Bc4 Rd7 33. Re5 b6 34. Bd3 Rdf7 35. Bc4 Rd7 36. Re6 Rf6 37. Re5 Rf8 1/2-1/2


[Site "https://www.chess.com"]

[Event "Titled Tuesday Blitz March 28 Early 2023"]
[White "Santos Ruiz, Miguel"]
[Black "Naroditsky, Daniel"]
[WhiteFideId "22291482"]
[BlackFideId "2026961"]
[WhiteElo "2504"]
[BlackElo "2633"]
[Result "1-0"]
[Round "07"]
[TimeControl "180+2"]
[Date "2023.03.28"]
[WhiteClock "0:00:25"]
[BlackClock "0:00:14"]

1. e4 c5 2. Nf3 d6 3. Nc3 Nf6 4. d4 cxd4 5. Qxd4 a6 6. Nd5 Nc6 7. Qd3 Bg4 8. h3 Bh5 9. Nxf6+ gxf6 10. Be2 Rc8 11. c3 e6 12. Be3 Rg8 13. g3 Qc7 14. Qd2 Bg6 15. Bd3 Na5 16. Qe2 Nc4 17. Bc1 Be7 18. Kf1 b5 19. a4 Qb7 20. axb5 axb5 21. Nh4 d5 22. Nxg6 hxg6 23. exd5 Qxd5 24. Be4 Qc5 25. Kg2 f5 26. Bf3 e5 27. b3 e4 28. bxc4 Qxc4 29. Qxc4 exf3+ 30. Kxf3 bxc4 31. Ra7 Bc5 32. Re1+ Kf8 33. Bh6+ Rg7 34. Ra4 Bd6 35. Rea1 Kg8 36. Ra8 Rf8 37. Bxg7 Kxg7 38. Rxf8 Kxf8 39. Ra4 Ke7 40. Rxc4 Ke6 41. Ra4 Kd5 42. g4 fxg4+ 43. hxg4 Be5 44. Ra7 f6 45. Ra5+ Kc4 46. Rxe5 fxe5 47. Ke4 Kxc3 48. Kxe5 Kd3 49. Kf6 Ke4 50. Kxg6 Kf4 51. g5 Ke5 52. Kh6 Kf5 53. g6 Kf6 54. f4 Ke7 55. f5 Kf8 56. Kh7 Ke7 57. g7 Kf7 58. g8=Q+ Kf6 59. Qg6+ Ke7 60. f6+ Kf8 61. Qg7+ 1-0


[Site "https://www.chess.com"]

[Event "Titled Tuesday Blitz March 28 Early 2023"]
[White "Krysa, Leandro"]
[Black "Erigaisi Arjun"]
[WhiteFideId "116807"]
[BlackFideId "35009192"]
[WhiteElo "2485"]
[BlackElo "2737"]
[Result "0-1"]
[Round "07"]
[TimeControl "180+2"]
[Date "2023.03.28"]
[WhiteClock "0:00:02"]
[BlackClock "0:00:51"]

1. e4 d6 2. d4 g6 3. Nf3 Bg7 4. Bc4 Nc6 5. c3 Nf6 6. Qe2 e5 7. dxe5 Nxe5 8. Nxe5 dxe5 9. O-O O-O 10. Bg5 h6 11. Bh4 c6 12. a4 Qc7 13. Nd2 Nh5 14. Rfd1 Nf4 15. Qe1 Kh7 16. Nf1 f5 17. exf5 gxf5 18. Bg3 Ng6 19. f3 b5 20. axb5 cxb5 21. Bd5 Bb7 22. Bxb7 Qxb7 23. Bf2 a5 24. Rd6 b4 25. Rad1 bxc3 26. Rd7 Qxb2 27. Rb1 Qa3 28. Rbb7 Rg8 29. Ng3 c2 30. Rbc7 Rad8 31. Rxd8 Rxd8 32. Rxc2 Qd3 33. Ra2 Nf4 34. Rxa5 Qc2 35. Ra1 Rd2 36. Rc1 Qd3 37. h3 h5 38. Kh2 h4 39. Nxf5 Re2 40. Qa5 Qxf5 41. Rc7 Qg6 0-1


[Site "https://www.chess.com"]

[Event "Titled Tuesday Blitz March 28 Early 2023"]
[White "Hasangatin, Ramil"]
[Black "Kollars, Dmitrij"]
[WhiteFideId "4122160"]
[BlackFideId "12909572"]
[WhiteElo "2275"]
[BlackElo "2584"]
[Result "1-0"]
[Round "07"]
[TimeControl "180+2"]
[Date "2023.03.28"]
[WhiteClock "0:00:08"]
[BlackClock "0:00:13"]

1. e4 e5 2. Nf3 Nc6 3. Nc3 Nf6 4. d4 exd4 5. Nxd4 Bc5 6. Nxc6 bxc6 7. e5 Qe7 8. Qe2 Nd5 9. Ne4 Bd4 10. f4 f5 11. exf6 Nxf6 12. Nxf6+ Bxf6 13. Qxe7+ Kxe7 14. Bd3 Rb8 15. c3 d6 16. O-O Be6 17. Rf2 a5 18. a4 Kd7 19. Be3 h5 20. Rd2 Rb7 21. Re1 Rhb8 22. Ree2 Bg4 23. Rf2 Bh4 24. g3 Bf6 25. Kg2 Re8 26. h3 Be6 27. Rfe2 Bf7 28. Bf5+ Kd8 29. g4 hxg4 30. hxg4 g6 31. Bd3 Kd7 32. Bf2 Rbb8 33. Rxe8 Rxe8 34. Bg3 Rg8 35. g5 Be7 36. Bf2 Bb3 37. Bc2 Bxc2 38. Rxc2 d5 39. Re2 Bd6 40. Bg3 Rf8 41. Kf3 Rh8 42. Rh2 Rxh2 43. Bxh2 Ke6 44. Kg4 c5 45. Bg3 c4 46. Bf2 c5 47. Be3 Be7 48. Bf2 Bf8 49. Be3 Kd6 50. f5 Ke5 51. fxg6 Ke4 52. Bxc5 Bxc5 53. g7 d4 54. g8=Q 1-0


[Site "https://www.chess.com"]

[Event "Titled Tuesday Blitz March 28 Early 2023"]
[White "Mikhailovsky, Vladimir"]
[Black "Svane, Rasmus"]
[WhiteFideId "34105414"]
[BlackFideId "4657101"]
[WhiteElo "2293"]
[BlackElo "2597"]
[Result "0-1"]
[Round "07"]
[TimeControl "180+2"]
[Date "2023.03.28"]
[WhiteClock "0:00:02"]
[BlackClock "0:00:37"]

1. d4 Nf6 2. c4 e6 3. Nc3 Bb4 4. e3 O-O 5. Bd3 c5 6. a3 Bxc3+ 7. bxc3 Nc6 8. Ne2 b6 9. O-O Bb7 10. e4 Ne8 11. Be3 Rc8 12. Ng3 Na5 13. d5 Nd6 14. e5 Ndxc4 15. Qh5 g6 16. Qh6 f5 17. exf6 Qxf6 18. Nh5 Qf7 19. Bg5 Ne5 20. dxe6 dxe6 21. Nf6+ Kh8 22. Be4 Qg7 23. Qh4 Nf7 24. Bxb7 Nxb7 25. Ne4 Nxg5 26. Nxg5 Rce8 27. Rfe1 e5 28. Rad1 Re7 29. Rd3 Rfe8 30. c4 e4 31. Rd5 Na5 32. Rd6 Nxc4 33. h3 Nxd6 0-1


[Site "https://www.chess.com"]

[Event "Titled Tuesday Blitz March 28 Early 2023"]
[White "Prohaszka, Peter"]
[Black "Wei, Yi"]
[WhiteFideId "726265"]
[BlackFideId "8603405"]
[WhiteElo "2626"]
[BlackElo "2686"]
[Result "1-0"]
[Round "07"]
[TimeControl "180+2"]
[Date "2023.03.28"]
[WhiteClock "0:00:07"]
[BlackClock "0:00:04"]

1. d4 b5 2. a4 b4 3. a5 e6 4. Nf3 Nf6 5. e3 d5 6. c4 bxc3 7. Nxc3 Bd6 8. Bb5+ c6 9. Bd3 O-O 10. O-O c5 11. dxc5 Bxc5 12. Qa4 Bd7 13. Qh4 Nc6 14. e4 Nb4 15. Bb1 Nxe4 16. Nxe4 Qxh4 17. Nxh4 dxe4 18. Bxe4 Rac8 19. Nf3 Bb5 20. Rd1 f5 21. Bb7 Rc7 22. a6 Nd3 23. Be3 Rd8 24. Ne5 Bxe3 25. fxe3 Kf8 26. Ra5 Ke7 27. Rxb5 Nxe5 28. Rxd8 Rc1+ 29. Kf2 Ng4+ 30. Ke2 Kxd8 31. Kd2 Rc7 32. h3 Nf6 33. Kd3 Nd7 34. Ra5 Nb6 35. b4 Ke7 36. Ke2 Kd6 37. g4 g6 38. gxf5 gxf5 39. Kf3 Nc4 40. Ra1 Ne5+ 41. Kf4 Rg7 42. Rd1+ Ke7 43. Kxe5 Rg3 44. Kd4 Rxh3 45. e4 fxe4 46. Bxe4 Rb3 47. Kc4 Rb2 48. Bc6 Rc2+ 49. Kb5 h5 50. Rd7+ 1-0


[Site "https://www.chess.com"]

[Event "Titled Tuesday Blitz March 28 Early 2023"]
[White "Papasimakopoulos, Alexandros"]
[Black "Makhnev, Denis"]
[WhiteFideId "4244125"]
[BlackFideId "13707647"]
[WhiteElo "2359"]
[BlackElo "2525"]
[Result "0-1"]
[Round "07"]
[TimeControl "180+2"]
[Date "2023.03.28"]
[WhiteClock "0:00:12"]
[BlackClock "0:00:04"]

1. d4 Nf6 2. c4 e6 3. Nc3 Bb4 4. Qc2 d5 5. cxd5 Qxd5 6. Nf3 Qf5 7. Qxf5 exf5 8. a3 Be7 9. Bf4 c6 10. e3 Be6 11. Bd3 g6 12. O-O Nbd7 13. Rfc1 a5 14. h3 Nd5 15. Nxd5 Bxd5 16. Ne5 f6 17. Nc4 a4 18. Nd6+ Bxd6 19. Bxd6 Kf7 20. Bg3 Rhe8 21. Rc3 b5 22. Bd6 Nb6 23. Re1 Nc4 24. Bxc4 Bxc4 25. Bb4 g5 26. f3 Bd5 27. Kf2 Re6 28. Rc2 Rae8 29. Rcc1 h5 30. Rcd1 Kg6 31. Rc1 g4 32. h4 Bc4 33. Bd2 Rd8 34. Ba5 Rd7 35. Kg3 Rd5 36. Bb4 Re8 37. Kf4 Rd7 38. Rcd1 Bb3 39. Rd2 Bd5 40. Rde2 Rg7 41. e4 fxe4 42. fxe4 Bc4 43. Re3 Rd7 44. Bc5 Be6 45. Rd1 Kf7 46. Re2 Bb3 47. Rde1 Re6 48. Rf2 Rd8 49. Ke3 Rxe4+ 50. Kxe4 Re8+ 51. Kd3 Rxe1 52. Bd6 Ke6 53. Bc7 Bc4+ 54. Kc3 Bd5 55. Bd8 f5 56. Bc7 Be4 57. g3 Kd5 58. Be5 c5 59. Rd2 Rc1+ 60. Rc2 Rxc2# 0-1


[Site "https://www.chess.com"]